 Dungeon Crawl Stone Soup version 0.29-a0-284-gf9362112df (webtiles) character file.

Game seed: 14522855772764519428

2107 sammy202020 the Skirmisher (level 9, -10/59 HPs)
             Began as a Gargoyle Berserker on Mar 20, 2022.
             Was a Priest of Trog.
             Killed from afar by an acid dragon (23 damage)
             ... with a splash of acid
             ... on level 9 of the Dungeon.
             The game lasted 00:14:21 (7190 turns).

sammy202020 the Skirmisher (Gargoyle Berserker)     Turns: 7190, Time: 00:14:21

Health: -10/59     AC: 20    Str: 19 (21) XL:     9   Next: 28%
Magic:  9/9        EV:  8    Int: 15 (17) God:    Trog [***...]
Gold:   308        SH:  0    Dex: 10 (11) Spells: 8/8 levels left

rFire   . . .      SeeInvis .   s - +0 flail
rCold   + . .      Faith    .   (no shield)
rNeg    + . .      Spirit   .   D - +4 chain mail of Coklom {rC+ Int+7}
rPois   ∞          Reflect  .   c - +0 helmet
rElec   +          Harm     .   t - +1 cloak {Will+}
rCorr   .          Rampage  .   (no gloves)
Will    +++..                   (no boots)
Stlth   ..........              (no amulet)
HPRegen 1.19/turn               (no ring)
MPRegen 0.11/turn               (no ring)

@: strong-willed (expiring), corroded, on berserk cooldown, flying, regenerating
(expiring), slowed, studying Invocations, very slow
A: sickness immunity, AC +6, negative energy resistance 1, electricity
resistance, torment resistance 1, petrification resistance
a: Renounce Religion, Berserk, Trog's Hand


You were on level 9 of the Dungeon.
You worshipped Trog.
Trog was most pleased with you.
You visited 1 branch of the dungeon, and saw 9 of its levels.

You collected 532 gold pieces.
You spent 224 gold pieces at shops.

Inventory:

Hand Weapons
 a - a +0 mace
 s - a +0 flail (weapon)
 E - a +0 flail
Missiles
 w - 9 poisoned darts (quivered)
Armour
 c - a +0 helmet (worn)
 t - a +1 cloak of willpower (worn)
 y - a +2 leather armour of fire resistance
 C - a +3 scale mail of cold resistance
 D - the +4 chain mail of Coklom (worn) {rC+ Int+7}
   (You found it on level 8 of the Dungeon)

   Int:       It affects your intelligence (+7).
   rC:        It protects you from cold.
Jewellery
 p - a ring of fire
 v - an amulet of magic regeneration
Wands
 r - a wand of iceblast (11)
Scrolls
 e - 2 scrolls of enchant armour {unknown}
 g - 6 scrolls of identify {unknown}
 i - 2 scrolls of enchant weapon {unknown}
 j - a scroll of magic mapping {unknown}
 l - 7 scrolls of teleportation {unknown}
 m - a scroll of silence {unknown}
 o - 2 scrolls of fog {unknown}
 u - a scroll of amnesia {unknown}
 x - 2 scrolls of fear {unknown}
 F - a scroll of summoning {unknown}
Potions
 b - a potion of curing {unknown}
 d - a potion of brilliance {unknown}
 f - a potion of heal wounds {unknown}
 h - 2 potions of degeneration
 k - a potion of flight
 n - 2 potions of attraction {unknown}
 q - a potion of magic {unknown}
 z - a potion of haste {unknown}
 A - a potion of might {unknown}
 B - 2 potions of cancellation {unknown}


   Skills:
 * Level 7.8 Fighting
 * Level 7.0 Maces & Flails
 * Level 7.3 Armour
 + Level 4.0 Dodging


You had 8 spell levels left.
You didn't know any spells.
Your spell library was empty.

Dungeon Overview and Level Annotations

Branches:
Dungeon (9/15)             Temple (0/1) D:5
   Lair: D:8-11         Orc: D:9-12

Altars:
Cheibriados
Qazlal
Ru
Trog
Uskayaw
Wu Jian
Xom
Zin

Shops:
D:4 :   D:7 [[==*


Innate Abilities, Weirdness & Mutations

You are immune to sickness and miasma.
Your stone body is resilient. (AC +6)
You are immune to poison.
You resist negative energy. (rN+)
You are resistant to electric shocks. (rElec)
You are resistant to unholy torment.
You are immune to petrification.


Message History

The wolf is almost dead.
The wolf bites you.
You sock the wolf!
You kill the wolf!
Trog accepts your kill.
Your Maces & Flails skill increases to level 7!
Your Dodging skill increases to level 4!
The acid dragon spits acid at you. The splash of acid hits you!!
* * * LOW HITPOINT WARNING * * *
The acid corrodes you!
You hear a shout! x4; You hear a howl!
You barely miss the acid dragon.
You hear a shout!
You hit the acid dragon.
The acid dragon is moderately wounded.
The acid dragon bites you but does no damage.
The acid dragon claws you but does no damage.
You barely miss the acid dragon.
The acid dragon is moderately wounded.
You are no longer berserk.
You are exhausted.
You feel yourself slow down.
The acid dragon bites you but does no damage.
The acid dragon claws you but does no damage.
It was a potion of degeneration.
There was something very wrong with that liquid.
You feel weakened.
You feel dopey.
You feel clumsy. The acid dragon barely misses you.
The acid dragon claws you but does no damage.
Okay, then.
It was a potion of flight.
You feel very buoyant.
You fly up into the air.
You feel the effects of Trog's Hand fading.
The acid dragon bites you but does no damage.
The acid dragon claws you but does no damage.
The acid dragon spits acid at you. The splash of acid hits you!!
You die...

#.+........#.... ..
#.#........+.## ##
####.#........#..###
....................
#####.....T.........
##hh.$D......≈.≈
#T#####....≈≈.≈ #D#
#...S≈≈.≈ #@#
#...≈≈≈≈h +.#
#...≈≈≈≈h ###
#....≈≈≈≈ #....≈≈≈h
#...≈≈≈.. #...≈≈S.≈


You could see a troll, an acid dragon (catching breath) and 2 wolves.

Vanquished Creatures
  A wyvern (D:9)
  Duvessa (D:4)
  2 ice beasts (D:5)
  2 sky beasts (D:5)
  A black bear (D:5)
  A wolf (D:9)
  2 centaurs (D:7)
  2 phantoms
  3 bullfrogs
  A scorpion (D:4)
  Dowan (D:4)
  5 killer bees (D:8)
  3 jellies
  2 orc priests (D:7)
  2 hounds
  Crazy Yiuf (D:4)
  An iguana (D:3)
  3 orc wizards
  7 adders
  A shadow imp (D:3)
  2 white imps
  2 worms
  3 dart slugs
  8 orcs
  9 ball pythons
  6 bats
  8 endoplasms
  4 giant cockroaches
  4 goblins
  9 hobgoblins
  2 jackals (D:1)
  6 kobolds
  A quokka (D:3)
  3 frilled lizards
  7 rats
116 creatures vanquished.

Notes
Turn   | Place    | Note
-------+----------+-------------------------------------------
     0 | D:1      | sammy202020 the Gargoyle Berserker began the quest for the
                  | Orb.
     0 | D:1      | Reached XP level 1. HP: 14/14 MP: 1/1
   126 | D:1      | Reached XP level 2. HP: 19/19 MP: 2/2
   325 | D:1      | Found a faded altar of an unknown god.
   493 | D:1      | Reached XP level 3. HP: 14/24 MP: 3/3
   681 | D:1      | Reached ** piety under Trog
  1099 | D:2      | Reached XP level 4. HP: 28/29 MP: 4/4
  1507 | D:2      | Found a bloodstained altar of Trog.
  2164 | D:3      | Reached XP level 5. HP: 14/33 MP: 5/5
  2578 | D:3      | Found a snail-covered altar of Cheibriados.
  2579 | D:3      | Found a sacrificial altar of Ru.
  2648 | D:3      | Reached *** piety under Trog
  2761 | D:4      | Reached XP level 6. HP: 24/39 MP: 6/6
  2926 | D:4      | Noticed Duvessa
  2928 | D:4      | Noticed Dowan
  2956 | D:4      | Killed Duvessa
  2957 | D:4      | Reached skill level 5 in Fighting
  2995 | D:4      | Killed Dowan
  3197 | D:4      | Reached XP level 7. HP: 40/44 MP: 7/7
  3261 | D:4      | Found Zejaiq's Book Shoppe.
  3594 | D:4      | Found a runed translucent door.
  3595 | D:4      | Noticed Crazy Yiuf
  3715 | D:4      | Killed Crazy Yiuf
  3985 | D:5      | Entered Level 5 of the Dungeon
  3991 | D:5      | Found a staircase to the Ecumenical Temple.
  4126 | D:5      | Reached skill level 5 in Armour
  4161 | D:5      | Reached skill level 5 in Maces & Flails
  4524 | D:5      | Reached XP level 8. HP: 39/51 MP: 8/8
  5030 | D:6      | You fall into a shaft and drop 1 floor!
  5033 | D:7      | Found Guusis's Jewellery Shop.
  5033 | D:7      | Found Raadd's Antique Armour Emporium.
  5059 | D:7      | Bought a shiny scale mail for 224 gold pieces
  5086 | D:7      | Found Cudium's Armour Shop.
  5503 | D:7      | Found a glowing silver altar of Zin.
  5831 | D:7      | Found Cosea's Assorted Antiques.
  6086 | D:7      | Found Keukil Sup's Jewellery Emporium.
  6201 | D:8      | Found a shimmering altar of Xom.
  6493 | D:8      | Reached XP level 9. HP: 43/57 MP: 9/9
  6586 | D:8      | Identified the +4 chain mail of Coklom {rC+ Int+7}
  6965 | D:9      | Found a stormy altar of Qazlal.
  7110 | D:9      | Found a hide-covered altar of Uskayaw.
  7118 | D:9      | Found an ornate altar of the Wu Jian Council.
  7159 | D:9      | Noticed a troll
  7190 | D:9      | Killed from afar by an acid dragon

Illustrated notes

Levels and vault maps discovered:
D:1:      lemuel_arrival_broad_hall, layout_basic, basic_ecumenical_altar,
          serial_bayou_crossing
D:2:      cheibrodos_helix_gallery, layout_loops_ring, basic_altar,
          minmay_tree_intersection
D:3:      layout_basic, gammafunk_temple_overflow_pools, minmay_cupped
D:4:      layout_rooms, serial_shops, nicolae_shop_stone, lemuel_another_geyser,
          uniq_crazy_yiuf_cottage, uniq_duvessa
D:5:      layout_gridville, minmay_temple_entry_slanted
D:6:      layout_rooms, minmay_quadrilaterals, uniq_pikel, uniq_blork_the_orc,
          uniq_sigmund, uniq_maggie
D:7:      layout_gridville, zin_statuary, serial_shops, nicolae_shop_stone,
          shop, shop, kennysheep_mini_moat, shop, minmay_manual_mares
D:8:      layout_basic, old_standard_altar
D:9:      layout_basic, mainiacjoe_overflow_alcove_2,
          mainiacjoe_overflow_surrounded_room,
          mainiacjoe_overflow_large_starburst, erik_lair_island, enter_bailey_8,
          kennysheep_generic_room_10

Skill      XL: |  1  2  3  4  5  6  7  8  9 |
---------------+----------------------------+-----
Armour         | 3 4 5 6 7 |  7.3
Fighting       | 4 5 6 7 |  7.8
Dodging        | 2 3 4 |  4.0
Maces & Flails | 4 5 6 7 |  7.0

Action                   |  1- 3 |  4- 6 |  7- 9 || total
-------------------------+-------+-------+-------++-------
Melee: Mace              |   104 |   186 |   244 ||   534
       Punch             |     1 |     2 |       ||     3
       Flail             |       |       |    19 ||    19
Invok: Berserk           |       |     3 |     2 ||     5
       Trog's Hand       |       |     3 |     2 ||     5
  Use: Potion            |       |       |     2 ||     2
Armor: Animal skin       |    13 |       |       ||    13
       Leather armour    |     1 |       |    19 ||    20
       Ring mail         |    57 |    82 |       ||   139
       Robe              |       |     6 |    38 ||    44
       Scale mail        |       |       |   144 ||   144
       Chain mail        |       |       |    21 ||    21
Dodge: Dodged            |    78 |   121 |   169 ||   368

Table legend: (Time is in decaauts)
 A = Elapsed time spent in this place.
 B = Non-inter-level travel time spent in this place.
 C = Inter-level travel time spent in this place.
 D = Time resting spent in this place.
 E = Time spent auto-exploring this place.
 F = Levels seen in this place.
 G = Mean time per level.
                   A        B        C        D        E       F      G
               +--------+--------+--------+--------+--------+-----+--------+
         Total |   7323 |   7184 |    139 |    280 |   5247 |   9 |  813.7 |
       Dungeon |   7323 |   7184 |    139 |    280 |   5247 |   9 |  813.7 |
               +--------+--------+--------+--------+--------+-----+--------+

Top non-repeatable levels by time:
     D:4: 1329 daAuts
     D:7: 1144 daAuts
     D:5: 1068 daAuts
     D:1: 936 daAuts
     D:2: 919 daAuts
     D:3: 900 daAuts
     D:8: 752 daAuts
     D:9: 273 daAuts
